 Dungeon Sprint DCSS version 0.27-a0-1196-g3e9cee4cb2 (webtiles) character file.

Game seed: 11118120804120149289

536 Zeld the Transmogrifier (level 7, -14/67 HPs)
             Began as an Octopode Transmuter on May 27, 2021.
             Was an Initiate of Gozag.
             Demolished by a vault guard
             ... wielding a +0 battleaxe
              (18 damage)
             ... in the Dungeon (Sprint V: "Ziggurat Sprint").
             The game lasted 00:02:26 (1128 turns).

Zeld the Transmogrifier (Octopode Transmuter)       Turns: 1128, Time: 00:02:27

Health: -14/67     AC:  8    Str: 27    XL:     7   Next: 25%
Magic:  13/19      EV: 11    Int: 28    God:    Gozag
Gold:   612        SH:  0    Dex: 18    Spells: 8/23 levels left

rFire    . . .     SeeInvis .     - Unarmed
rCold    . . .     Faith    .   (shield currently unavailable)
rNeg     + . .     Spirit   .   (helmet currently unavailable)
rPois    +         Reflect  .   (no amulet)
rElec    .         Harm     .   v - +6 ring of strength
rCorr    +         Rampage  .   u - +6 ring of intelligence
Will     .....     NoTele   +   t - +6 ring of intelligence
Stlth    ++........             w - +6 ring of strength
HPRegen  0.21/turn              j - ring "Zilyoh" {rN+ rCorr Str+4 Dex+6}
MPRegen  0.16/turn              (no ring)
                                (no ring)
                                (no ring)

@: mighty, hydra-form, wereblooded, gold aura
A: fast swimmer, devour, boosted hp, almost no armour, amphibious, 8 rings, very
large, (camouflage 1), (gelatinous body 1), (nimble swimmer 1), (tentacles)
a: End Transformation, Renounce Religion, Potion Petition, Call Merchant, Bribe
Branch


You were in the Dungeon.
You worshipped Gozag.
Gozag was pleased with you.
You were a six-headed hydra.
You visited 1 branch You collected 612 gold pieces.

Inventory:

Jewellery
 j - the ring "Zilyoh" (on tentacle) {rN+ rCorr Str+4 Dex+6}
   (You found it in the Dungeon)

   [ring of resist corrosion]

   It affects your strength (+4).
   It affects your dexterity (+6).
   It protects you from negative energy.
   It protects you from acid and corrosion.
 t - a +6 ring of intelligence (on tentacle)
 u - a +6 ring of intelligence (right foreclaw)
 v - a +6 ring of strength (left foreclaw)
 w - a +6 ring of strength (on tentacle)
Wands
 q - a wand of mindburst (6)
 r - a wand of iceblast (6)
 s - a wand of acid (2)
Scrolls
 g - 4 scrolls of blinking
 l - 3 scrolls of amnesia
 m - 7 scrolls of fog
 n - a scroll of holy word
 o - 5 scrolls of identify
 p - 2 scrolls of fear
Potions
 a - 2 potions of brilliance
 b - 10 potions of curing
 c - 10 potions of heal wounds
 d - 6 potions of haste
 e - 7 potions of magic
 f - 3 potions of berserk rage
 h - 2 potions of invisibility
 i - 4 potions of resistance
 k - 4 potions of might
Miscellaneous
 x - a lightning rod (4/4)


   Skills:
 + Level 6.3 Fighting
 + Level 6.5 Dodging
 - Level 3.0 Unarmed Combat
 * Level 8.5 Spellcasting
 * Level 9.2 Transmutations


You had 8 spell levels left.
You knew the following spells:

 Your Spells              Type           Power      Damage    Failure   Level
a - Beastly Appendage     Tmut           100%       N/A       1%          1
b - Wereblood             Tmut           59%        N/A       1%          2
c - Spider Form           Tmut/Pois      18%        N/A       1%          3
d - Ice Form              Ice/Tmut       37%        N/A       7%          4
e - Hydra Form            Tmut           29%        N/A       3%          5

Your spell library contained the following spells:

 Spells                   Type           Power      Damage    Failure   Level
 Apportation              Tloc           22%        N/A       4%          1
 Magic Dart               Conj           44%        1d5       4%          1
 Searing Ray              Conj           22%        3d3       7%          2
 Dazzling Flash           Conj/Hex       22%        N/A       14%         3
 Lesser Beckoning         Tloc           5%         N/A       14%         3
 Portal Projectile        Hex/Tloc       22%        N/A       14%         3
 Teleport Other           Tloc           11%        N/A       14%         3
 Tukima's Dance           Hex            11%        N/A       14%         3
 Alistair's Intoxication  Tmut/Pois      24%        N/A       19%         5
 Fulminant Prism          Conj/Hex       5%         3d7       43%         4
 Iskenderun's Mystic Bla  Conj/Tloc      11%        2d4       43%         4
 Passage of Golubria      Tloc           N/A        N/A       43%         4
 Manifold Assault         Tloc           11%        N/A       78%         5
 Invisibility             Hex            11%        N/A       100%        6


Dungeon Overview and Level Annotations

Branches:
Dungeon (1/1)

Altars:
Ashenzari
Cheibriados
Dithmenos
Elyvilon
Fedhas
Gozag
Hepliaklqana
Kikubaaqudgha
Makhleb
Nemelex Xobeh
Okawaru
Qazlal
Ru
Sif Muna
Trog
Uskayaw
Vehumet
Wu Jian
Xom
Yredelemnul
Zin
The Shining One
Beogh
Jiyva
Lugonu

Annotations:
D 1 transporter


Innate Abilities, Weirdness & Mutations

You are a six-headed hydra.
You swim very quickly.
You can devour living enemies to heal.
Your maximum health is greatly increased.
Your armour is entirely melded.
You are incapable of wielding weapons or throwing items.
You cannot wear most types of armour.
You are amphibious.
You can wear up to eight rings at the same time.
((Your skin changes colour to match your surroundings (Stealth+).))
((Your rubbery body absorbs attacks. (AC +1, EV +1)))
((You are camouflaged near water. (Stealth+)))
((You have tentacles for arms and can constrict up to eight enemies at once.))


Message History

Found a transporter.
You bite the vault guard!
The vault guard is moderately wounded.
You bite the vault guard!
The ironbound preserver mumbles some strange words.
The ironbound preserver begins to accept its allies' injuries.
The vault guard hits you with a +1 long sword.
You barely miss the vault guard.
The vault guard is moderately wounded.
You bite the vault guard!
You nip at the vault guard.
The vault guard barely misses you.
The vault guard hits you with a +0 battleaxe!!
Unknown command.
You gouge the vault guard!!
The vault guard is heavily wounded.
You gouge the ironbound preserver!!
You gouge the wizard!!
The vault guard blocks your attack.
You bite the vault guard! The vault guard closely misses you.
The vault guard hits you with a +0 battleaxe!
The vault guard barely misses you.
You are too injured to fight recklessly!
Unknown command.
You are too injured to fight recklessly!
Unknown command.
You are too injured to fight recklessly!
You are too injured to fight recklessly!
Unknown command.
You bite the ironbound preserver!
The ironbound preserver is severely wounded.
You bite the vault guard!
You gouge the vault guard!!
You bite the wizard!
You gouge the vault guard!! x2
You kill the ironbound preserver!
The vault guard hits you with a +0 war axe!
* * * LOW HITPOINT WARNING * * *
The wizard barely misses you.
The vault guard hits you with a +1 long sword!
* * * LOW HITPOINT WARNING * * *
The vault guard hits you with a +0 battleaxe!!
You die...
Your body crumbles into a pile of gold.

▓▓▓▓▓▓▓▓▓▓▓▓▓▓▓▓▓▓▓
▓..8©8..▓ ▓..}.|..▓
▓..):}..▓ ▓.......▓
▓.......▓ ▓.......▓
▓..pp$..▓ ▓..pDp..▓
▓...©p..▓ ▓▓▓▓▓▓▓▓▓


You could see 4 vault guards and a wizard.

Vanquished Creatures
  An ironbound preserver (D)
  A hell hound (D)
  2 necrophages (D)
  2 phantoms (D)
  A wight (D)
  An orc wizard (D)
  3 shadow imps (D)
  An ufetubus (D)
  An adder zombie (D)
  5 orcs (D)
  A quokka zombie (D)
19 creatures vanquished.

Notes
Turn   | Place    | Note
-------+----------+-------------------------------------------
     0 | D        | Zeld the Octopode Transmuter began the quest for the Orb.
     0 | D        | Reached XP level 1. HP: 13/13 MP: 3/3
     0 | D        | Found a blossoming altar of Fedhas.
     1 | D        | Found the +6 Majin-Bo {vamp, MP+6 Int+6}
     1 | D        | Found the +9 heavy crossbow "Sniper" {vorpal, Acc+∞ SInv}
     1 | D        | Found the +10 dark maul {vorpal}
     1 | D        | Found the +15 Maxwell's patent armour {-Cast -Tele rElec
                  | Will+ rCorr}
     1 | D        | Found the +18 shield of the Gong {rElec rN+ Will+ EV-5}
     1 | D        | Found the +14 obsidian axe {vorpal, Drain Fly SInv}
     1 | D        | Found the +7 great mace "Firestarter" {inner flame, rF++}
     1 | D        | Found the +6 shillelagh "Devastator" {shatter}
     1 | D        | Found the +11 plutonium sword {Contam Stlth-}
     1 | D        | Found the +8 lance "Wyrmbane" {slay drac, rPois rF+ rC+
                  | AC+3}
     1 | D        | Found the +9 sword of Zonguldrok {reap}
     1 | D        | Found the +13 scythe of Curses {drain, Drain}
     1 | D        | Found the +5 sword of Power {vorpal}
     1 | D        | Found the +7 mace of Variability {chain chaos}
     1 | D        | Found the +7 Singing Sword {vorpal, sonic wave}
     1 | D        | Found the +8 storm bow {elec, penet}
     1 | D        | Found a shimmering blue altar of Sif Muna.
     1 | D        | Found a sacrificial altar of Ru.
     1 | D        | Found a bloodstained altar of Trog.
     1 | D        | Found a stormy altar of Qazlal.
     1 | D        | Found an iron altar of Okawaru.
     1 | D        | Found a sparkling altar of Nemelex Xobeh.
     3 | D        | Found a transporter.
     3 | D        | Found an ancient bone altar of Kikubaaqudgha.
     3 | D        | Found a viscous altar of Jiyva.
     3 | D        | Found a corrupted altar of Lugonu.
     3 | D        | Found a hazy altar of Hepliaklqana.
     3 | D        | Found a burning altar of Makhleb.
     3 | D        | Found an opulent altar of Gozag.
    25 | D        | Became a worshipper of Gozag Ym Sagoz the Greedy
   128 | D        | Reached skill level 4 in Transmutations
   128 | D        | Reached XP level 2. HP: 21/21 MP: 4/7
   132 | D        | Learned a level 2 spell: Wereblood
   168 | D        | Entered arena 2.
   168 | D        | Found a transporter.
   276 | D        | Entered arena 3.
   276 | D        | Noticed a phantom
   276 | D        | Noticed a necrophage
   276 | D        | Found a transporter.
   280 | D        | Killed a necrophage
   281 | D        | Reached skill level 5 in Spellcasting
   281 | D        | Reached skill level 6 in Transmutations
   281 | D        | Reached XP level 3. HP: 27/27 MP: 7/10
   281 | D        | Reached XP level 4. HP: 33/33 MP: 7/11
   284 | D        | Killed a phantom
   285 | D        | Reached skill level 5 in Dodging
   285 | D        | Reached skill level 7 in Transmutations
   285 | D        | Reached XP level 5. HP: 32/38 MP: 7/13
   293 | D        | Learned a level 3 spell: Spider Form
   299 | D        | Learned a level 5 spell: Hydra Form
   305 | D        | Learned a level 4 spell: Ice Form
   311 | D        | Learned a level 5 spell: Hydra Form
   382 | D        | Entered arena 4.
   382 | D        | Noticed a necrophage
   382 | D        | Noticed a phantom
   382 | D        | Found a transporter.
   386 | D        | Killed a necrophage
   387 | D        | Reached skill level 5 in Fighting
   387 | D        | Reached XP level 6. HP: 31/45 MP: 9/16
   394 | D        | Reached skill level 8 in Transmutations
   499 | D        | Got the amulet of Useom {Faith rF+ Int-4 Dex+3}
   747 | D        | Entered arena 5.
   747 | D        | Found a transporter.
   759 | D        | Got Imuple's Guide on the Voyage
   885 | D        | Entered arena 6.
   885 | D        | Noticed a hell hound
   885 | D        | Found a transporter.
   893 | D        | Killed a hell hound
   894 | D        | Reached skill level 9 in Transmutations
   894 | D        | Reached XP level 7. HP: 52/52 MP: 14/19
   910 | D        | Got the ring "Zilyoh" {rN+ rCorr Str+4 Dex+6}
  1120 | D        | Entered arena 7.
  1120 | D        | Noticed a wizard
  1120 | D        | Noticed a vault guard
  1120 | D        | Noticed a vault guard
  1120 | D        | Noticed a vault guard
  1120 | D        | Noticed a vault guard
  1120 | D        | Noticed an ironbound preserver
  1124 | D        | Found a transporter.
  1128 | D        | Killed an ironbound preserver
  1128 | D        | Demolished by a vault guard

Illustrated notes

Levels and vault maps discovered:
D:        sprint_v [room_start, room_1, room_2, room_3, room_4, room_5, room_6,
          room_7, room_8, room_9, room_10, room_11, room_12, room_13, room_14,
          room_15, room_16, room_17, room_18, room_19, room_20, room_21,
          room_22, room_23, room_24, room_25, room_26, room_27]

Skill      XL: |  1  2  3  4  5  6 |
---------------+-------------------+-----
Fighting       | 3 4 5 6 |  6.3
Dodging        | 3 4 5 6 |  6.5
Spellcasting   | 4 5 6 7 8 |  8.5
Transmutations | 4 6 7 9 |  9.2
Unarmed Combat | |  3.0

Action                   |  1- 3 |  4- 6 |  7- 9 || total
-------------------------+-------+-------+-------++-------
Melee: Unarmed           |     2 |    20 |     4 ||    26
       Constrict         |     1 |       |       ||     1
       Tentacles         |     1 |       |       ||     1
 Cast: Beastly Appendage |     5 |       |       ||     5
       Hydra Form        |       |     3 |     1 ||     4
       Wereblood         |       |       |     1 ||     1
Evoke: Wand              |     3 |     4 |       ||     7
  Use: Potion            |     1 |       |     1 ||     2
       Scroll            |       |     1 |       ||     1
Armor: Skin              |       |     9 |       ||     9
Dodge: Dodged            |       |    17 |     5 ||    22

Table legend: (Time is in decaauts)
 A = Elapsed time spent in this place.
 B = Non-inter-level travel time spent in this place.
 C = Inter-level travel time spent in this place.
 D = Time resting spent in this place.
 E = Time spent auto-exploring this place.
 F = Levels seen in this place.
 G = Mean time per level.
                   A        B        C        D        E       F      G
               +--------+--------+--------+--------+--------+-----+--------+
         Total |   1124 |   1124 |      0 |    918 |      0 |   1 | 1124.0 |
       Dungeon |   1124 |   1124 |      0 |    918 |      0 |   1 | 1124.0 |
               +--------+--------+--------+--------+--------+-----+--------+

Top non-repeatable levels by time:
       D: 1124 daAuts
